 Dungeon Crawl Stone Soup version 0.31-a0-95-g6fa058ef04 (webtiles) character file.

Game seed: 680041446486328797

33306 Dittersdorf the Blocker (level 13, -4/88 HPs)
             Began as a Gargoyle Fighter on May 25, 2023.
             Was the Champion of Okawaru.
             Slain by a yak (9 damage)
             ... on level 4 of the Lair of Beasts.
             The game lasted 00:25:01 (15626 turns).

Dittersdorf the Blocker (Gargoyle Fighter)         Turns: 15626, Time: 00:25:02

Health: -4/88      AC: 33    Str: 33    XL:     13   Next: 70%
Magic:  31/31      EV:  9    Int: 10    God:    Okawaru [******]
Gold:   444        SH:  9    Dex:  9    Spells: 12/12 levels left

rFire   + . .        z - +8 eveningstar of Wyrd {freeze, rF+ MP+9 Str+3}
rCold   . . .        x - +2 buckler
rNeg    + . .        H - +3 chain mail of Philately {rElec rPois MP+9 Stlth-}
rPois   ∞            h - +0 helmet
rElec   +            c - +0 cloak
rCorr   .            n - +1 pair of gloves
SInv    .            m - +1 pair of boots
Will    +....        (no amulet) Stlth
                     a - ring of willpower
HPRegen 0.34/turn    F - +6 ring of strength
MPRegen 0.22/turn

%: no passive effects
@: no status effects
A: sickness immunity, AC +9, negative energy resistance 1, electricity
resistance, torment resistance 1, petrification resistance
a: Renounce Religion, Heroism, Finesse, Duel


You were on level 4 of the Lair of Beasts.
You worshipped Okawaru.
Okawaru was exalted by your worship.
You visited 3 branches of the dungeon, and saw 16 of its levels.
You also visited: Ossuary and Bailey.

You collected 1074 gold pieces.
You spent 630 gold pieces at shops.

Inventory:

Hand Weapons
 o - a +6 morningstar of draining
 z - the +8 eveningstar of Wyrd (weapon) {freeze, rF+ MP+9 Str+3}
   (Okawaru gifted it to you on level 2 of the Lair of Beasts)

   Str:       It affects your strength (+3).
   rF:        It protects you from fire.
   MP:        It affects your magic capacity (+9).
Missiles
 s - 18 curare-tipped darts (quivered)
Armour
 c - a +0 cloak (worn)
 d - a +0 plate armour
 h - a +0 helmet (worn)
 m - a +1 pair of boots (worn)
 n - a +1 pair of gloves (worn)
 x - a +2 buckler (worn)
 H - the +3 chain mail of Philately (worn) {rElec rPois MP+9 Stlth-}
   (You found it on level 4 of the Lair of Beasts)

   rElec:     It insulates you from electricity.
   rPois:     It protects you from poison.
   MP:        It affects your magic capacity (+9).
   Stlth:     It makes you less stealthy.
Jewellery
 a - a ring of willpower (left hand)
 t - a ring of positive energy
 F - a +6 ring of strength (right hand)
Wands
 b - a wand of flame (30)
 g - a wand of roots (10)
 y - a wand of acid (3)
 C - a wand of polymorph (8)
Scrolls
 e - 7 scrolls of teleportation
 i - 6 scrolls of enchant armour
 r - 8 scrolls of identify
 u - 4 scrolls of poison
 v - 2 scrolls of blinking
 D - a scroll of magic mapping
 G - a scroll of fog
 I - a scroll of enchant weapon
Potions
 f - a potion of curing
 j - 7 potions of mutation
 k - 2 potions of magic
 l - 2 potions of haste
 p - 3 potions of heal wounds
 q - 3 potions of enlightenment
 w - a potion of resistance
 A - 2 potions of brilliance
 B - 2 potions of berserk rage
 E - a potion of might


   Skills:
 + Level 13.1 Fighting
 + Level 11.9 Maces & Flails
 + Level 13.1 Armour
 + Level 13.1 Shields


You had 12 spell levels left.
You didn't know any spells.
Your spell library contained the following spells:

 Spells                   Type           Power      Damage    Failure   Level
 Foxfire                  Conj/Fire      0%         2x1d4     73%         1
 Freeze                   Ice            0%         1d3       73%         1
 Kiss of Death            Conj/Necr      0%         2d5       73%         1
 Magic Dart               Conj           0%         1d3       73%         1
 Slow                     Hex            0%         N/A       73%         1
 Confusing Touch          Hex            0%         N/A       97%         3
 Frozen Ramparts          Ice            0%         1d1       97%         3
 Hailstorm                Conj/Ice       0%         3d3       97%         3
 Vampiric Draining        Necr           0%         2d6       97%         3
 Dispel Undead            Necr           0%         3d6       100%        4
 Flame Wave               Conj/Fire      0%         2d4       100%        4
 Fulminant Prism          Conj/Hex       0%         3d5       100%        4
 Alistair's Intoxication  Tmut/Pois      0%         N/A       100%        5
 Blade Hands              Tmut           0%         N/A       100%        5
 Borgnjor's Vile Clutch   Necr/Erth      0%         N/A       100%        5
 Fireball                 Conj/Fire      0%         3d3       100%        5
 Eringya's Noxious Bog    Tmut/Pois      0%         N/A       100%        6
 Plasma Beam              Fire/Air       0%         2x1d11    100%        6
 Starburst                Conj/Fire      0%         6d3       100%        6
 Cigotuvi's Dreadful Rot  Necr/Pois/Air  Unusable   N/A       N/A         2
 Animate Armour           Summ/Erth      Unusable   N/A       N/A         4
 Summon Lightning Spire   Summ/Air       Unusable   N/A       N/A         4
 Spellforged Servitor     Conj/Summ      Unusable   N/A       N/A         7

Dungeon Overview and Level Annotations

Branches:
Dungeon (10/15)            Temple (1/1) D:6            Lair (5/5) D:10
 Shoals (0/4) Lair:3        Snake (0/4) Lair:2        Slime (0/5) Lair:4
Ossuary (visited)          Bailey (visited)
    Orc: D:9-12

Altars:
Ashenzari
Cheibriados
Dithmenos
Elyvilon
Fedhas
Gozag
Hepliaklqana
Kikubaaqudgha
Makhleb
Nemelex Xobeh
Okawaru
Qazlal
Ru
Sif Muna
Trog
Uskayaw
Vehumet
Wu Jian
Yredelemnul
Zin
The Shining One

Shops:
D:8 :(?   D:9 **   D:10 (

Annotations:
Temple 2 transporters
Lair:2 2 transporters, rinse's ghost, novice MfMo
Lair:4 2 transporters, promet's ghost, journeyman MiFi


Innate Abilities, Weirdness & Mutations

You are immune to sickness and miasma.
Your stone body is resilient. (AC +9)
You are immune to poison.
You resist negative energy. (rN+)
You are resistant to electric shocks. (rElec)
You are resistant to unholy torment.
You are immune to petrification.


Message History

The yak is heavily wounded.
The yak gores you but does no damage.
The five-headed hydra bites you but does no damage.
You block the five-headed hydra's attack. x2
The five-headed hydra bites you but does no damage. x2
The eight-headed hydra bites you but does no damage. x2
You block the eight-headed hydra's attack.
The eight-headed hydra bites you!
The eight-headed hydra bites you but does no damage.
The eight-headed hydra completely misses you.
The eight-headed hydra bites you but does no damage. x2
The yak gores you but does no damage. The yak gores you!
* * * LOW HITPOINT WARNING * * *
You puncture the yak! You freeze the yak.
The yak is almost dead.
The five-headed hydra bites you.
* * * LOW HITPOINT WARNING * * *
The five-headed hydra bites you but does no damage. x2
You block the five-headed hydra's attack.
The five-headed hydra bites you but does no damage.
The yak misses you. The eight-headed hydra bites you.
* * * LOW HITPOINT WARNING * * *
The eight-headed hydra bites you!
* * * LOW HITPOINT WARNING * * *
The eight-headed hydra bites you but does no damage. x4
The eight-headed hydra barely misses you.
The eight-headed hydra bites you but does no damage.
The yak gores you but does no damage. The yak closely misses you.
You hit the yak. You freeze the yak.
You kill the yak!
Okawaru accepts your kill. Okawaru grants you a weapon!
Something appears at your feet!
You see here a +0 hand crossbow of flaming.
The five-headed hydra bites you but does no damage. x2
The five-headed hydra closely misses you.
The five-headed hydra bites you but does no damage.
The five-headed hydra barely misses you.
The yak gores you!
You die...

........# #.##...#
..#.....# #...#..#
..+.....###....#.#
P.#.......=..###.##
##......##.### #..##
........#### ###.#.#
.........#.###.P...#
.....(.........Y.###
.....).........Y@P#
...............DD##
.................#
#...............)#
##........##.#P..##
.P...##.#.#.###...#
.............##..##
.#...##......##..#
.............##..##


You could see an eight-headed hydra, a five-headed hydra and 2 yaks.

Vanquished Creatures
  Nessos (Lair:4)
  A hydra (Lair:4)
  A catoblepas (Lair:4)
  2 two-headed ogres
  A centaur warrior (D:9)
  7 death yaks (Lair:4)
  A skyshark (Lair:3)
  Pikel (D:6)
  2 orc knights (Bailey)
  A cyclops (D:9)
  An oklob plant (Lair:1)
  An elephant (D:10)
  Joseph (Lair:1)
  2 black mambas
  A torpor snail (Lair:2)
  Maggie (D:8)
  9 cane toads
  3 komodo dragons
  2 rime drakes (Lair:3)
  2 hornets
  Prince Ribbit (D:5)
  16 blink frogs
  7 polar bears
  4 wyverns
  2 slime creatures (Lair:4)
  A vampire (D:9)
  23 yaks
  A wraith (D:10)
  A basilisk (D:10)
  A steam dragon (D:8)
  Edmund (D:5)
  2 nagas (Lair:2)
  6 water moccasins
  7 orc warriors
  2 black bears
  2 ice beasts (D:6)
  A sky beast (D:6)
  A hornet zombie (Ossuary)
  An ogre (D:4)
  4 wolves
  3 centaurs
  The ghost of Sans23 the Gusty, an amateur HuWn (D:3)
  A phantom (D:6)
  10 kobold brigands
  3 wyvern zombies (Ossuary)
  14 bullfrogs
  7 scorpions
  A water moccasin zombie (Ossuary)
  3 wights (D:9)
  5 killer bees (D:9)
  3 howler monkeys (D:7)
  A centaur zombie (Ossuary)
  6 bullfrog zombies (Ossuary)
  2 jellies (Lair:4)
  5 hounds
  8 orc priests
  Jessica (D:2)
  Terence (D:2)
  An iguana (D:5)
  13 orc wizards
  Ijyb (D:4)
  2 killer bee zombies (Ossuary)
  16 mummies (Ossuary)
  A howler monkey zombie (Ossuary)
  8 adders
  11 gnolls
  2 shadow imps
  A white imp (D:5)
  2 worms
  2 dart slugs (D:1)
  43 orcs
  5 bats
  9 endoplasms
  5 giant cockroaches
  7 goblins
  4 hobgoblins
  8 jackals (D:2)
  A quokka (D:1)
  4 ball pythons
  4 frilled lizards
  24 kobolds
  6 rats
380 creatures vanquished.

Vanquished Creatures (others)
  The ghost of roninjake the Cleaver, a novice DsFi of Okawaru (D:9)
1 creature vanquished.

Grand Total: 381 creatures vanquished

Notes
Turn   | Place    | Note
-------+----------+-------------------------------------------
     0 | D:1      | Dittersdorf the Gargoyle Fighter began the quest for the
                  | Orb.
     0 | D:1      | Reached XP level 1. HP: 14/14 MP: 1/1
   199 | D:1      | Reached XP level 2. HP: 19/19 MP: 2/2
   486 | D:1      | Found a faded altar of an unknown god.
   650 | D:1      | Reached XP level 3. HP: 23/23 MP: 3/3
  1177 | D:2      | Noticed Terence
  1278 | D:2      | Killed Terence
  1372 | D:2      | Reached XP level 4. HP: 29/29 MP: 4/4
  1786 | D:2      | Noticed Jessica
  1797 | D:2      | Killed Jessica
  1798 | D:2      | Reached XP level 5. HP: 33/33 MP: 5/5
  2148 | D:3      | Reached XP level 6. HP: 32/39 MP: 6/6
  2790 | D:3      | Found a runed translucent gate.
  2791 | D:3      | Found a runed translucent gate.
  2792 | D:3      | Found a runed translucent gate.
  2793 | D:3      | Noticed Sans23's ghost (amateur HuWn)
  3292 | D:4      | Reached skill level 5 in Fighting
  3292 | D:4      | Reached skill level 5 in Armour
  3292 | D:4      | Reached skill level 5 in Shields
  3292 | D:4      | Reached XP level 7. HP: 35/44 MP: 7/7
  3926 | D:4      | Found a broken altar of Ashenzari.
  3927 | D:4      | Found a burning altar of Makhleb.
  4141 | D:5      | Entered Level 5 of the Dungeon
  4216 | D:5      | Found an ancient bone altar of Kikubaaqudgha.
  4220 | D:5      | Noticed Edmund
  4250 | D:4      | Reached XP level 8. HP: 27/51 MP: 8/8
  4261 | D:5      | Killed Edmund
  4262 | D:5      | Reached skill level 5 in Maces & Flails
  4298 | D:5      | Noticed Prince Ribbit
  4314 | D:5      | Killed Prince Ribbit
  4376 | D:5      | Noticed Ijyb
  4442 | D:4      | Killed Ijyb
  4529 | D:5      | Found a sand-covered staircase.
  4535 | Ossuary  | Entered an ossuary
  4714 | Ossuary  | Reached XP level 9. HP: 45/56 MP: 9/9
  6048 | D:6      | Noticed Pikel
  6086 | D:6      | Killed Pikel
  6160 | D:6      | Identified the ring "Coryzuesu" {Drain +Blink rC- rCorr
                  | MP+9}
  6239 | D:6      | Identified the +1 leather armour "Ojeusm" {Rampage rElec
                  | Regen+}
  6423 | D:6      | Reached XP level 10. HP: 64/64 MP: 10/10
  6424 | D:6      | Found a staircase to the Ecumenical Temple.
  6434 | Temple   | Entered the Ecumenical Temple
  6434 | Temple   | Found a transporter.
  6434 | Temple   | Found a transporter.
  6436 | Temple   | Found a transporter.
  6436 | Temple   | Found a transporter.
  6457 | Temple   | Became a worshipper of Warmaster Okawaru
  6618 | D:7      | Noticed a two-headed ogre
  6645 | D:7      | Killed a two-headed ogre
  6710 | D:7      | Found a flagged portal.
  6772 | Bailey   | Entered a bailey
  6882 | Bailey   | Noticed an orc knight
  6920 | Bailey   | Killed an orc knight
  6920 | Bailey   | Reached * piety under Okawaru
  6977 | Bailey   | Noticed an orc knight
  7007 | Bailey   | Killed an orc knight
  7024 | Bailey   | Reached ** piety under Okawaru
  7235 | Bailey   | Found a bloodstained altar of Trog.
  7963 | D:8      | Noticed Maggie
  7975 | D:8      | Killed Maggie
  8051 | D:7      | Reached XP level 11. HP: 16/71 MP: 9/11
  8393 | D:8      | Found Fovyor's Book Boutique.
  8544 | D:8      | Found Kuleckax's Magic Scroll Shop.
  8709 | D:8      | Found Cokinixkio's Weapon Shop.
  8714 | D:8      | Bought a +6 morningstar of draining for 548 gold pieces
  8766 | D:8      | Bought a scroll of enchant armour for 82 gold pieces
  9010 | D:3      | Killed Sans23's ghost
  9233 | D:9      | Found Adoerafeor's Specific Store.
  9234 | D:9      | Found Gyissaupp's General Store.
  9365 | D:9      | Noticed a centaur warrior
  9372 | D:9      | Found a runed translucent gate.
  9372 | D:9      | Found a runed translucent gate.
  9372 | D:9      | Found a runed translucent gate.
  9372 | D:9      | Noticed a cyclops
  9372 | D:9      | Noticed roninjake's ghost (novice DsFi)
  9597 | D:9      | Noticed a two-headed ogre
  9608 | D:9      | Killed a two-headed ogre
  9609 | D:9      | Reached skill level 10 in Fighting
  9609 | D:9      | Reached skill level 10 in Armour
  9609 | D:9      | Reached skill level 10 in Shields
 10269 | D:9      | Killed a centaur warrior
 10269 | D:9      | Reached *** piety under Okawaru
 10290 | D:9      | Killed roninjake's ghost
 10304 | D:9      | Killed a cyclops
 10508 | D:9      | Got the Collected Works on the Feathery Impact
 10547 | D:10     | Entered Level 10 of the Dungeon
 10682 | D:10     | Got Sif Muna's Compendium of Limned Shapes
 10699 | D:10     | Found a staircase to the Lair.
 10711 | D:10     | Reached **** piety under Okawaru
 10924 | D:10     | Found Gouqusmiazi's Weapon Emporium.
 11085 | Lair:1   | Entered Level 1 of the Lair of Beasts
 11143 | Lair:1   | Noticed Joseph
 11158 | Lair:1   | Killed Joseph
 11306 | Lair:1   | Noticed an oklob plant
 11594 | Lair:1   | Killed an oklob plant
 11595 | Lair:1   | Reached XP level 12. HP: 60/79 MP: 9/12
 11825 | Lair:1   | Reached skill level 10 in Maces & Flails
 12441 | Lair:2   | Noticed rinse's ghost (novice MfMo)
 12452 | Lair:2   | Reached ***** piety under Okawaru
 12768 | Lair:2   | Found a transporter.
 12768 | Lair:2   | Found a transporter.
 12798 | Lair:2   | Identified the +8 eveningstar of Wyrd {freeze, rF+ MP+9
                  | Str+3} (Okawaru gifted it to you on level 2 of the Lair of
                  | Beasts)
 12798 | Lair:2   | Received a gift from Okawaru
 12856 | Lair:2   | Found a staircase to the Snake Pit.
 13177 | Lair:2   | Found a bloodstained altar of Trog.
 13494 | Lair:3   | Found a staircase to the Shoals.
 14112 | Lair:3   | Reached XP level 13. HP: 75/86 MP: 13/13
 14299 | Lair:4   | Found an ornate altar of the Wu Jian Council.
 14371 | Lair:4   | Found a staircase to the Slime Pits.
 14433 | Lair:4   | Identified the +3 chain mail of Philately {rElec rPois MP+9
                  | Stlth-}
 14562 | Lair:4   | Noticed Nessos
 14571 | Lair:4   | Killed Nessos
 14571 | Lair:4   | Received a gift from Okawaru
 14928 | Lair:4   | Found a transporter.
 14930 | Lair:4   | Found a transporter.
 14935 | Lair:4   | Noticed promet's ghost (journeyman MiFi)
 14985 | Lair:4   | Received a gift from Okawaru
 15441 | Lair:4   | Reached ****** piety under Okawaru
 15610 | Lair:5   | Entered Level 5 of the Lair of Beasts
 15626 | Lair:4   | Received a gift from Okawaru
 15626 | Lair:4   | Slain by a yak

Illustrated notes

Levels and vault maps discovered:
D:1:      dpeg_chamrin_arrival_tetris, layout_loops_corners,
          chequers_ecumenical_altar_island, minmay_curled_crystal, st_stairs_12
D:2:      layout_loops_ring, uniq_jessica, uniq_terence
D:3:      layout_basic, gammafunk_ghost_nasty_kobolds,
          chequers_serial_rivers_micro_e
D:4:      layout_basic, gammafunk_temple_overflow_statue
D:5:      layout_basic, kiku_gazebo_garden_becter,
          nicolae_ossuary_entry_monument, uniq_prince_ribbit1, uniq_edmund,
          uniq_ijyb
D:6:      layout_basic, minmay_temple_entry_stoned_glass, uniq_pikel
D:7:      layout_loops_ring, enter_bailey_8, nicolae_eternal_life,
          minmay_tree_intersection
D:8:      layout_rooms, serial_shops, nicolae_shop_getting_attention,
          kennysheep_little_box, nicolae_book_shop_shelving, minivault_21,
          uniq_maggie
D:9:      layout_roguey, gammafunk_ghost_split, nicolae_specific_store,
          minivault_27
D:10:     layout_rooms, david_lair_generic, serial_shops,
          nicolae_shop_bloodbath_and_beyond
Temple:   hellmonk_temple_divided_pantheon
Lair:1:   layout_roguey, minmay_lair_oklob_bushes,
          chequers_serial_rivers_room_b, uniq_joseph
Lair:2:   layout_chaotic_city, guppyfry_snake_entry_island,
          gammafunk_ghost_wrathful_warriors, beast_lair_carwin_4,
          grunt_megastairs_4
Lair:3:   layout_cave_pods, elwin_shoals_entry_rocks
Lair:4:   layout_regular_city, minmay_slime_entry_pillars, gammafunk_ghost_hive,
          basic_altar, beast_lair_carwin_1, uniq_nessos
Lair:5:   minmay_lair_end_frog_pond, layout_cave_pods, enter_volcano_2

Skill      XL: |  1  2  3  4  5  6  7  8  9 10 11 12 13 |
---------------+----------------------------------------+-----
Shields        | 4 5 6 8 9 11 12 13 | 13.1
Armour         | 4 5 6 8 9 11 12 13 | 13.1
Fighting       | 4 5 6 8 9 10 12 13 | 13.1
Maces & Flails | 3 4 5 7 8 9 11 | 11.9

Action                     |  1- 3 |  4- 6 |  7- 9 | 10-12 | 13-15 || total
---------------------------+-------+-------+-------+-------+-------++-------
  Melee: Flail             |   111 |   220 |   600 |   272 |       ||  1203
         Morningstar       |       |       |       |   402 |       ||   402
         Eveningstar       |       |       |       |    98 |   140 ||   238
  Throw: Dart              |       |       |       |     8 |       ||     8
         Throwing net      |       |       |       |     2 |       ||     2
 Invoke: Heroism           |       |       |       |     6 |       ||     6
    Use: Scroll            |       |       |    18 |     3 |       ||    21
         Potion            |       |       |     5 |     8 |       ||    13
   Stab: Held in net/web   |       |       |       |     1 |       ||     1
         Invisible         |       |       |       |     2 |       ||     2
         Petrified         |       |       |       |       |     8 ||     8
         Petrifying        |       |       |       |       |     1 ||     1
 Armour: Scale mail        |    58 |   124 |    11 |       |       ||   193
         Chain mail        |       |       |   416 |    29 |   123 ||   568
         Skin              |       |       |     3 |       |       ||     3
         Plate armour      |       |       |       |   537 |     6 ||   543
  Dodge: Dodged            |    60 |   106 |   239 |   247 |    74 ||   726
  Block: Buckler           |    30 |    45 |   133 |   276 |    64 ||   548

Table legend: (Time is in decaauts)
 A = Elapsed time spent in this place.
 B = Non-inter-level travel time spent in this place.
 C = Inter-level travel time spent in this place.
 D = Time resting spent in this place.
 E = Time spent auto-exploring this place.
 F = Levels seen in this place.
 G = Mean time per level.
                   A        B        C        D        E       F      G
               +--------+--------+--------+--------+--------+-----+--------+
         Total |  15902 |  14976 |    926 |   2422 |   8418 |  18 |  883.4 |
       Dungeon |  10004 |   9229 |    775 |   1126 |   5556 |  10 | 1000.4 |
        Temple |     42 |     22 |     20 |      0 |      6 |   1 |   42.0 |
          Lair |   4516 |   4386 |    130 |    749 |   2853 |   5 |  903.2 |
       Ossuary |    852 |    852 |      0 |    369 |      3 |   1 |  852.0 |
        Bailey |    486 |    486 |      0 |    178 |      0 |   1 |  486.0 |
               +--------+--------+--------+--------+--------+-----+--------+

Top non-repeatable levels by time:
     D:3: 1472 daAuts
     D:9: 1398 daAuts
  Lair:4: 1277 daAuts
  Lair:1: 1239 daAuts
     D:7: 1154 daAuts
  Lair:2: 1122 daAuts
     D:1: 1107 daAuts
     D:4: 1039 daAuts
     D:5: 1021 daAuts
     D:2: 964 daAuts
  Lair:3: 871 daAuts
 Ossuary: 852 daAuts
     D:8: 678 daAuts
     D:6: 648 daAuts
    D:10: 520 daAuts
